 Dungeon Crawl Stone Soup version 0.31-a0-654-gbe3e110b4e (webtiles) character file.

Game seed: 8143881048830688957

253085 demibob the Slayer (level 19, -10/172 HPs)
             Began as a Demonspawn Gladiator on Aug 27, 2023.
             Was a High Priest of Wu Jian.
             Mangled by a saltling (18 damage)
             ... on level 2 of the Vaults on Aug 30, 2023.
             The game lasted 01:13:39 (34907 turns).

demibob the Slayer (Demonspawn Gladiator)          Turns: 34907, Time: 01:13:39

Health: -10/172    AC: 23    Str: 19    XL:     19   Next: 37%
Magic:  28/28      EV: 24    Int:  7    God:    Wu Jian [*****.]
Gold:   1065       SH:  5    Dex: 26    Spells: 18/18 levels left

rFire   + . .        s - +9 lajatang (venom)
rCold   + + .        (shield currently unavailable)
rNeg    . . .        P - +0 swamp dragon scales
rPois   +            k - +1 helmet of Focus {Harm Will++ MP+9 Int-3}
rElec   .            H - scarf {repulsion}
rCorr   .            (gloves unavailable)
SInv    .            h - +4 pair of boots of Roosuaj {*Slow rC++ Slay+3 Stlth+}
Will    ++++.        y - amulet of reflection
Stlth   +++++++      T - +4 ring of protection
HPRegen 0.48/turn    w - ring of Knowledge {Fly rF+ Dex+2}
MPRegen 0.21/turn

%: slow self (1%), harm (+30% outgoing, +20% incoming), repel missiles,
reflection
@: mighty, enlightened, flying
A: claws 3, thin skeletal structure 3, foul stench 3, powered by pain 1
}: 1/15 runes: serpentine
a: Renounce Religion, Wall Jump, Serpent's Lash, Heavenly Storm


You were on level 2 of the Vaults.
You worshipped Wu Jian.
Wu Jian was extremely pleased with you.
You visited 5 branches of the dungeon, and saw 28 of its levels.
You also visited: Volcano and Desolation.

You collected 3020 gold pieces.
You spent 1955 gold pieces at shops.


Innate Abilities, Weirdness & Mutations

You have claws for hands.
You have an unnaturally thin skeletal structure. (Dex +6, Stealth+++)
You frequently emit foul miasma when damaged in melee.
You sometimes gain a little power by taking damage.


   Skills:
 + Level 21.2 Fighting
 - Level 4.5(10.0) Polearms
 - Level 13.6(14.0) Staves
 - Level 1.7 Throwing
 + Level 14.5 Armour
 - Level 14.4 Dodging
 - Level 5.1 Stealth
 - Level 8.6 Evocations


You had 18 spell levels left.
You didn't know any spells.
Your spell library contained the following spells:

 Spells                   Type           Power      Damage    Failure   Level
 Apportation              Tloc           0%         N/A       56%         1
 Necrotise                Necr           0%         1d4       56%         1
 Slow                     Hex            0%         N/A       56%         1
 Blink                    Tloc           0%         N/A       71%         2
 Cigotuvi's Dreadful Rot  Necr/Pois/Air  0%         N/A       71%         2
 Ensorcelled Hibernation  Hex/Ice        0%         N/A       71%         2
 Lesser Beckoning         Tloc           0%         N/A       71%         2
 Passwall                 Tmut/Erth      0%         N/A       71%         2
 Confusing Touch          Hex            0%         N/A       90%         3
 Dazzling Flash           Conj/Hex       0%         N/A       90%         3
 Gell's Gravitas          Tloc           0%         N/A       90%         3
 Ignite Poison            Fire/Tmut/Pois 0%         N/A       90%         3
 Inner Flame              Hex/Fire       0%         N/A       90%         3
 Swiftness                Air            0%         N/A       90%         3
 Teleport Other           Tloc           0%         N/A       90%         3
 Vampiric Draining        Necr           0%         2d6       90%         3
 Volatile Blastmotes      Fire/Tloc      0%         2d10      90%         3
 Anguish                  Hex/Necr       0%         N/A       100%        4
 Animate Dead             Necr           0%         N/A       100%        4
 Manifold Assault         Tloc           0%         N/A       100%        4
 Passage of Golubria      Tloc           0%         N/A       100%        4
 Agony                    Necr           0%         N/A       100%        5
 Alistair's Intoxication  Tmut/Pois      0%         N/A       100%        5
 Borgnjor's Vile Clutch   Necr/Erth      0%         N/A       100%        5
 Freezing Cloud           Conj/Ice/Air   0%         6-21      100%        5
 Silence                  Hex/Air        0%         N/A       100%        5
 Yara's Violent Unravell  Hex/Tmut       0%         3d3       100%        5
 Death Channel            Necr           0%         N/A       100%        6
 Dispersal                Tloc           0%         N/A       100%        6
 Starburst                Conj/Fire      0%         6d3       100%        6
 Enfeeble                 Hex            0%         N/A       100%        7
 Disjunction              Tloc           0%         N/A       100%        8
 Lehudib's Crystal Spear  Conj/Erth      0%         10d2      100%        8
 Maxwell's Capacitive Co  Air            0%         ∞         100%        8

Inventory:

Hand Weapons
 s - a +9 lajatang of venom (weapon)
Missiles
 d - 8 throwing nets (quivered) {=f}
 e - 24 javelins
Armour
 f - the +0 cloak "Xunan" {rC+}
   (You found it in a volcano)

   rC+:       It protects you from cold.
 h - the +4 pair of boots of Roosuaj (worn) {*Slow rC++ Slay+3 Stlth+}
   (You found it in a volcano)

   Slay+3:    It affects your accuracy & damage with ranged weapons and melee
   (+3).
   rC++:      It greatly protects you from cold.
   *Slow:     It may slow you when you take damage.
   Stlth+:    It makes you more stealthy.
 k - the +1 helmet of Focus (worn) {Harm Will++ MP+9 Int-3}
   (You found it on level 4 of the Lair of Beasts)

   Int-3:     It affects your intelligence (-3).
   Will++:    It greatly increases your willpower.
   MP+9:      It affects your magic capacity (+9).
   Harm:      It increases damage dealt and taken.
 q - the +1 helmet of Ashenzari's Wrath {+Inv rN+}
   (You found it in a volcano)

   rN+:       It protects you from negative energy.
   +Inv:      It lets you turn invisible.
 B - +0 ice dragon scales
 H - a scarf of repulsion (worn)
 K - a +0 cloak of poison resistance
 P - +0 swamp dragon scales (worn)
Jewellery
 c - a ring of protection from cold
 w - the ring of Knowledge (right claw) {Fly rF+ Dex+2}
   (You found it on level 12 of the Dungeon)

   [ring of flight]

   Dex+2:     It affects your dexterity (+2).
   rF+:       It protects you from fire.
   Fly:       It grants you flight.
 y - an amulet of reflection (around neck)
 C - an amulet of faith {!P}
 F - a ring of protection from fire
 L - a ring of flight
 N - a ring of positive energy
 T - a +4 ring of protection (left claw)
Talismans
 o - a storm talisman
Wands
 l - a wand of paralysis (17)
 n - a wand of flame (15)
 I - a wand of iceblast (16)
 Q - a wand of mindburst (12)
Scrolls
 a - a scroll of butterflies
 b - 7 scrolls of identify {@r1}
 m - 3 scrolls of vulnerability
 x - 2 scrolls of teleportation {@r2}
 z - 4 scrolls of fog
 A - 5 scrolls of enchant armour
 E - 4 scrolls of amnesia
 O - a scroll of poison
 U - a scroll of revelation
 X - 2 scrolls of fear
Potions
 i - 5 potions of mutation
 p - 3 potions of brilliance
 r - 6 potions of lignification
 t - a potion of resistance
 u - 3 potions of curing {@q1}
 v - 3 potions of magic
 G - 2 potions of cancellation
 R - 3 potions of attraction
 S - 4 potions of enlightenment
Miscellaneous
 D - a phial of floods
 M - a phantom mirror

Dungeon Overview and Level Annotations

Branches:
Dungeon (15/15)            Temple (0/1) D:4            Lair (5/5) D:10
  Swamp (0/4) Lair:3        Snake (4/4) Lair:2        Slime (0/5) Lair:5
    Orc (2/2) D:10            Elf (0/3) Orc:2        Vaults (2/5) D:14
 Depths (0/4) D:15        Volcano (visited)         Desolation (visited)
  Crypt: Vaults:2-3

Altars:
Dithmenos
Fedhas
Gozag
Hepliaklqana
Kikubaaqudgha
Makhleb
Qazlal
Ru
Sif Muna
Trog
Uskayaw
Wu Jian
Jiyva
Lugonu

Shops:
D:3 (   D:9 :   D:11 [!((*   Orc:1 ?   Orc:2 ?:*([   Snake:2 (=*   Vaults:1 ?

Portals:
Abyss: Lair:5
Trove: Vaults:2 (give +5 demon whip)

Annotations:
D:9 2 transporters, sunglassesatnite's ghost, novice MiBe
Lair:2 exclusion: 2 oklob plants
Lair:3 exclusion: oklob plant
Snake:4 Vashnia

,,,,,,,,,,,,,,,,,,,,,,,,,,,,,,,,,
,,,,,,,,,************▒▒▒,,,,,,,,,
,,,,,,,,,*,,,,,,,,,....▒,,▒******
,,,,,,,,,*,,,,,,,,,....▒,.▒,+,,+,
,,,,,,,,,*,,▒▒▒▒,▒▒▒...▒..▒,*,,*,
,,,,,,,,,*,,▒..▒,▒.....▒..▒,*+**,
+*********,,▒.○▒▒▒°....'..*,*,,*,
,,,,,,,,,*,,▒▒☼°☼9☼▒...▒,,*,****,
,,,,,,,,,+,,,▒○○@9○....▒,,*,,,,,,
,,,,,,,,,*,,*▒°99°°....▒**▒+▒▒▒▒*
,,,,,,,,,*,,▒.☼▒▒▒☼....▒ *.....,,
,,,,,,,,,*,,▒..▒.▒..▒..▒▒▒.....,,
,,,,,,,,,*,,▒▒▒▒...▒▒..▒....▒**,,
,,,,,,,,,*,,,..........▒....▒ *,,
^,,,,,,,,*,,,..........'..▒** ***
▒▒▒▒▒▒▒▒▒▒▒▒▒▒▒▒▒▒▒▒▒▒▒▒..▒ *
.......................▒..▒▒▒ *▒▒


You could see 4 saltlings.


Message History

The saltling barely misses you. The saltling completely misses you.
The saltling hits you but does no damage.
You hit the saltling.
The saltling is moderately damaged.
The saltling closely misses you.
The saltling hits you but does no damage.
The saltling misses you. The saltling completely misses you. x2
You slice the saltling!!
You destroy the saltling!
The Council accepts your kill.
The saltling no longer looks unusually strong.
You block the saltling's attack. The saltling barely misses you.
The saltling hits you but does no damage.
The saltling hits you!
* * * LOW HITPOINT WARNING * * *
You focus on the pain.
You feel mightier all of a sudden.
You slash the saltling!
You destroy the saltling!
The Council accepts your kill. The saltling barely misses you.
The saltling hits you!
* * * LOW HITPOINT WARNING * * *
The saltling closely misses you. The saltling completely misses you.
You feel better. The saltling barely misses you.
The saltling completely misses you. x2; The saltling misses you.
You barely miss the saltling. The saltling misses you.
The saltling closely misses you. The saltling hits you!
* * * LOW HITPOINT WARNING * * *
The saltling hits you!
You die...

Skill      XL: |  1  2  3  4  5  6  7  8  9 10 11 12 13 14 15 16 17 18 19 |
---------------+----------------------------------------------------------+-----
Polearms       | 3 4 |  4.5
Staves         | 2 4 5 6 8 9 11 12 13 | 13.6
Dodging        | 4 6 8 10 11 12 14 | 14.4
Fighting       | 6 9 11 14 16 18 20 21 | 21.2
Armour         | 7 8 11 13 14 | 14.5
Evocations     | 8 |  8.6
Stealth        | 1 5 |  5.1
Throwing       | |  1.7

Action                     |  1- 3 |  4- 6 |  7- 9 | 10-12 | 13-15 | 16-18 | 19-21 || total
---------------------------+-------+-------+-------+-------+-------+-------+-------++-------
  Melee: Trident           |   122 |    11 |       |       |       |       |       ||   133
         Lajatang          |       |    62 |   319 |   578 |   740 |  1189 |   181 ||  3069
         Unarmed           |       |       |       |       |    26 |       |       ||    26
  Throw: Throwing net      |       |       |     1 |       |       |       |       ||     1
 Invoke: Serpent's Lash    |       |       |     1 |       |       |       |       ||     1
         Heavenly Storm    |       |       |       |       |     4 |     3 |     2 ||     9
Ability: Lunge             |       |     3 |    33 |    36 |    58 |    98 |    10 ||   238
         Whirlwind         |       |       |     1 |     6 |     9 |    13 |     1 ||    30
  Evoke: Wand              |       |     6 |     7 |    12 |     9 |     5 |       ||    39
         Phantom mirror    |       |       |       |       |       |     2 |       ||     2
         Phial of floods   |       |       |       |       |       |     1 |       ||     1
    Use: Scroll            |     2 |     5 |    10 |     7 |    10 |    12 |     6 ||    52
         Potion            |       |     1 |     3 |     7 |    10 |    10 |     5 ||    36
   Stab: Sleeping          |     2 |     4 |    12 |    10 |    20 |    38 |     8 ||    94
         Distracted        |       |       |     2 |     1 |     6 |     5 |       ||    14
         Paralysed         |       |       |       |       |     1 |       |       ||     1
 Armour: Leather armour    |    30 |    21 |    61 |    81 |    52 |       |       ||   245
         Swamp dragon scal |       |       |       |       |   105 |   269 |    58 ||   432
  Dodge: Dodged            |    51 |    46 |   159 |   295 |   678 |  1122 |   202 ||  2553
         Repelled          |       |       |       |       |     1 |    36 |       ||    37
  Block: Other             |       |       |    26 |   101 |   149 |   239 |    58 ||   573
         Reflection        |       |       |       |     4 |     3 |    23 |     1 ||    31

Levels and vault maps discovered:
D:1:      dpeg_arrival_shelter, layout_basic, minmay_tetromino_t4
D:2:      layout_rooms, basic_altar, chequers_serial_rivers_micro_b
D:3:      layout_basic, mainiacjoe_overflow_catwalk, serial_shops,
          nicolae_shop_crystal
D:4:      layout_gridville, mainiacjoe_overflow_brackets,
          grunt_gozag_breadcrumbs, bloody_makhleb, minmay_temple_entry_trees,
          kennysheep_nondescript, st_stairs_3, uniq_sigmund, uniq_ijyb,
          uniq_duvessa
D:5:      layout_basic
D:6:      kennysheep_housing_project, layout_basic, cheibrodos_sewer_entry_bend
D:7:      layout_rooms
D:8:      layout_basic, overflow_temple_1_default,
          mainiacjoe_overflow_concentric_impassable,
          nicolae_elyvilon_peaceful_grove
D:9:      cheibrodos_iron_armory, layout_basic,
          nicolae_overflow_hallway_of_the_gods, gammafunk_ghost_arena,
          kennysheep_windowed_goal
D:10:     layout_cave_pools, mainiacjoe_overflow_alcove_4,
          erik_lair_orcish_takeover, erik_orc_3, serial_column_ruins,
          column_ruins_hut_ruined, column_ruins_hut, column_ruins_grid_1,
          column_ruins_corridor_straight, column_ruins_open_small,
          column_ruins_corridor_straight, column_ruins_open_small
D:11:     layout_basic, portal_ice_cave_entry_pillars_1, serial_shops,
          nicolae_stop_n_shop_1, nicolae_shop_industrial_runoff,
          nicolae_shop_behind_doors, nicolae_shop_hallway_plus,
          nicolae_shop_overgrown_old_shop, minmay_diamond_spiral, uniq_grum,
          uniq_harold, uniq_josephine
D:12:     layout_loops_corners
D:13:     layout_cave_pods, uniq_azrael, uniq_snorg
D:14:     layout_loops_ring, skrybe_vaults_entry_preservation
D:15:     hellmonk_depths_entry_around_the_bend, layout_basic, st_stairs_14,
          nicolae_dithmenos_the_darkroom
Lair:1:   layout_regular_city, minivault_27, cheibrodos_lair_caveside_slide,
          small_statue_intersection, lemuel_fruit_tree, lemuel_fruit_fields,
          grunt_megastairs_4
Lair:2:   dreamdust_isle_of_ice, layout_gridlike,
          nicolae_snake_entry_warm_welcome, hangedman_tree_tricks, st_stairs_9
Lair:3:   layout_regular_city, swamp_mist, nicolae_volcano_entry_hallway,
          minmay_lair_oklob_bushes, uniq_gastronok, uniq_kirke, uniq_fannar
Lair:4:   gammafunk_cloud_chamber, layout_misc_corridors, grunt_megastairs_3
Lair:5:   hellmonk_lair_end_abyssal_woods, layout_gridlike, slime_entry_1
Snake:1:  layout_layer_cave, basic_altar
Snake:2:  layout_chambers, hangedman_snake_sidewinding, grunt_megastairs_5,
          minmay_shop_star
Snake:3:  layout_onion_interference, hangedman_snake_pattern
Snake:4:  hellmonk_snake_rune_quicksilver_temple, layout_rooms, uniq_vashnia,
          uniq_aizul, uniq_saint_roka
Orc:1:    layout_diamond_mine, serial_shops, shop, uniq_erolcha
Orc:2:    grunt_orc_community_town_hall, layout_caves,
          grunt_orc_community_big_house_1, grunt_orc_community_big_house_1,
          grunt_orc_community_house_3, grunt_orc_community_house_3,
          grunt_orc_community_house_3, grunt_orc_community_house_1,
          grunt_orc_community_house_3, serial_shops, shop_coins,
          kennysheep_orc_chapel
Vaults:1: sword_in_stone, nicolae_vaults_trapezoid_lopsided_4, v_misc_18,
          hangedman_vaults_hat, ontoclasm_vaults_twist,
          nicolae_vaults_what_the_h, ontoclasm_vaults_bender,
          nicolae_vaults_surprise_closet, nicolae_vaults_network_square,
          hangedman_vaults_stream, nicolae_vaults_double_plus_2,
          layout_vaults_omnibox, serial_shops, nicolae_shop_statue_plus
Vaults:2: portal_desolation_entry_ruin, nicolae_vaults_security_offices_2,
          v_misc_22, nicolae_vaults_heart-shaped_vault,
          nicolae_vaults_diamond_1, v_pattern_3, hangedman_vaults_nails,
          hangedman_vaults_restitches, v_misc_2,
          nicolae_vaults_mini_display_case, ontoclasm_vaults_misaligned,
          nicolae_vaults_octothorpe, layout_vaults_omnigrid,
          nicolae_trove_entry_isolated

Notes
Turn   | Place    | Note
-------+----------+-------------------------------------------
     0 | D:1      | demibob the Demonspawn Gladiator began the quest for the
                  | Orb.
     0 | D:1      | Reached XP level 1. HP: 16/16 MP: 1/1
    93 | D:1      | Reached skill level 3 in Polearms
   178 | D:1      | Gained mutation: You have sharp fingernails. [demonic
                  | ancestry]
   178 | D:1      | Reached XP level 2. HP: 22/22 MP: 2/2
   372 | D:1      | Reached XP level 3. HP: 27/27 MP: 3/3
   447 | D:1      | Reached skill level 4 in Polearms
   693 | D:2      | Found an ornate altar of the Wu Jian Council.
   709 | D:2      | Became a worshipper of the Wu Jian Council
  1291 | D:3      | Gained mutation: You have a somewhat thin skeletal
                  | structure. (Dex +2, Stealth+) [demonic ancestry]
  1291 | D:3      | Reached XP level 4. HP: 29/33 MP: 4/4
  1446 | D:3      | Found a sacrificial altar of Ru.
  1535 | D:3      | Found Atibb's Antique Weapon Emporium.
  1713 | D:4      | Found a staircase to the Ecumenical Temple.
  1733 | D:4      | Found a bloodstained altar of Trog.
  1735 | D:4      | Noticed Ijyb
  1758 | D:4      | Killed Ijyb
  1759 | D:4      | Reached skill level 1 in Staves
  1882 | D:4      | Reached * piety under Wu Jian
  1884 | D:4      | Reached skill level 2 in Staves
  1910 | D:4      | Gained mutation: You have very sharp fingernails. [demonic
                  | ancestry]
  1910 | D:4      | Reached XP level 5. HP: 38/38 MP: 5/5
  2037 | D:4      | Noticed Sigmund
  2045 | D:4      | Killed Sigmund
  2046 | D:4      | Reached skill level 4 in Staves
  2046 | D:4      | Gained mutation: You have claws for hands. [demonic
                  | ancestry]
  2046 | D:4      | Reached XP level 6. HP: 44/44 MP: 6/6
  2093 | D:4      | Found a burning altar of Makhleb.
  2177 | D:4      | Noticed Dowan
  2180 | D:4      | Noticed Duvessa
  2183 | D:4      | Killed Dowan
  2393 | D:4      | Killed Duvessa
  2394 | D:4      | Reached skill level 5 in Staves
  2618 | D:4      | Found an opulent altar of Gozag.
  2638 | D:4      | Gained mutation: You have a moderately thin skeletal
                  | structure. (Dex +4, Stealth++) [demonic ancestry]
  2638 | D:4      | Reached XP level 7. HP: 50/50 MP: 7/7
  2912 | D:5      | Entered Level 5 of the Dungeon
  3035 | D:5      | Reached skill level 3 in Dodging
  3189 | D:5      | Identified the +3 ring mail "Vetoubemp" {rF+++ Will- Str-3
                  | Int+5}
  3233 | D:5      | Reached skill level 6 in Staves
  3380 | D:5      | Reached skill level 4 in Dodging
  3761 | D:6      | Reached ** piety under Wu Jian
  3765 | D:6      | Reached XP level 8. HP: 28/56 MP: 8/8
  3955 | D:6      | Reached skill level 7 in Staves
  4024 | D:6      | Reached skill level 5 in Dodging
  4436 | D:6      | Reached skill level 6 in Dodging
  4455 | D:6      | Reached *** piety under Wu Jian
  4457 | D:6      | Reached skill level 8 in Staves
  4472 | D:6      | Reached XP level 9. HP: 33/61 MP: 9/9
  5222 | D:7      | Reached skill level 7 in Dodging
  5376 | D:7      | Reached skill level 9 in Staves
  5621 | D:8      | Found a hazy altar of Hepliaklqana.
  5711 | D:8      | Found a hide-covered altar of Uskayaw.
  5797 | D:8      | Reached skill level 8 in Dodging
  5804 | D:8      | HP: 4/61 [yak (5)]
  6157 | D:8      | Reached **** piety under Wu Jian
  6269 | D:8      | Gained mutation: You sometimes gain a little power by
                  | taking damage. [demonic ancestry]
  6269 | D:8      | Reached XP level 10. HP: 49/67 MP: 10/10
  6383 | D:8      | Noticed a two-headed ogre
  6388 | D:8      | Killed a two-headed ogre
  6389 | D:8      | Reached skill level 10 in Staves
  6511 | D:9      | Reached skill level 9 in Dodging
  6867 | D:9      | Found Nipota's Book Shop.
  7057 | D:9      | Reached skill level 11 in Staves
  7170 | D:9      | Noticed a cyclops
  7170 | D:9      | Noticed sunglassesatnite's ghost (novice MiBe)
  7171 | D:9      | Noticed a two-headed ogre
  7173 | D:9      | Found a transporter.
  7191 | D:9      | Found a transporter.
  7245 | D:9      | Reached skill level 10 in Dodging
  7412 | D:9      | Found a shimmering blue altar of Sif Muna.
  7417 | D:9      | Found an ancient bone altar of Kikubaaqudgha.
  7420 | D:9      | Found a stormy altar of Qazlal.
  7755 | D:10     | Entered Level 10 of the Dungeon
  7837 | D:10     | Reached XP level 11. HP: 66/74 MP: 11/11
  7854 | D:10     | Reached skill level 3 in Fighting
  8080 | D:10     | You fall into a shaft and drop 3 floors!
  8132 | D:13     | Noticed a five-headed hydra
  8166 | D:13     | Reached skill level 4 in Fighting
  8309 | D:13     | Noticed a cyan ugly thing
  8321 | D:13     | Noticed a centaur warrior
  8631 | D:11     | Found Oleoni's Antique Weapon Emporium.
  8636 | D:11     | Found Gedeidd's Distillery.
  8654 | D:11     | Bought a potion of enlightenment for 90 gold pieces
  8654 | D:11     | Bought a potion of invisibility for 144 gold pieces
  8654 | D:11     | Bought a potion of berserk rage for 90 gold pieces
  8755 | D:11     | Noticed an eight-headed hydra
  8819 | D:11     | Noticed Grum
  8820 | D:11     | Noticed Harold
  8835 | D:11     | Found Umomm's Antique Weapon Shop.
  8873 | D:10     | Noticed a two-headed ogre
  8882 | D:10     | Killed a two-headed ogre
  8883 | D:10     | Found a staircase to the Lair.
  8987 | D:10     | Reached skill level 12 in Staves
  8987 | D:10     | Reached skill level 11 in Dodging
  9000 | D:10     | Reached skill level 5 in Fighting
  9027 | D:10     | Reached ***** piety under Wu Jian
  9064 | D:10     | Found a staircase to the Orcish Mines.
  9357 | D:10     | Found a blossoming altar of Fedhas.
  9938 | D:11     | Found Guweceruf's Armour Boutique.
 10171 | D:11     | Reached skill level 6 in Fighting
 10233 | D:11     | Noticed Josephine
 10245 | D:11     | Killed Josephine
 10246 | D:11     | Gained mutation: You have an unnaturally thin skeletal
                  | structure. (Dex +6, Stealth+++) [demonic ancestry]
 10246 | D:11     | Reached XP level 12. HP: 66/89 MP: 12/12
 10316 | D:11     | Identified 2 potions of resistance
 10325 | D:11     | Found Ferunow's Assorted Antiques.
 10328 | D:11     | Bought a sharpened ivory wand for 152 gold pieces
 10427 | D:11     | Killed Harold
 10430 | D:11     | Killed Grum
 10559 | D:11     | Reached skill level 7 in Fighting
 10566 | D:11     | Killed an eight-headed hydra
 10589 | D:11     | Identified the ring "Xabb" {MP+9 Str+4}
 10592 | D:11     | Identified the +7 hand axe of Aclotid {freeze, Str+3 Int+4}
 10826 | Lair:1   | Entered Level 1 of the Lair of Beasts
 10947 | Lair:1   | Noticed a catoblepas
 10963 | Lair:1   | Killed a catoblepas
 10964 | Lair:1   | Reached skill level 12 in Dodging
 10976 | Lair:1   | Reached skill level 13 in Staves
 11123 | Lair:1   | Reached skill level 8 in Fighting
 11953 | Lair:2   | Found a staircase to the Snake Pit.
 12491 | Lair:2   | Reached skill level 9 in Fighting
 12569 | Lair:2   | Reached XP level 13. HP: 101/101 MP: 13/13
 12923 | Lair:2   | Found a blossoming altar of Fedhas.
 13230 | Lair:3   | Found a staircase to the Swamp.
 13347 | Lair:3   | Reached skill level 13 in Dodging
 13551 | Lair:3   | Found a dark tunnel.
 13565 | Volcano  | Entered a volcano
 13605 | Volcano  | Identified the +1 helmet of Ashenzari's Wrath {+Inv rN+}
 13628 | Volcano  | Reached skill level 10 in Fighting
 13645 | Volcano  | Identified the +0 cloak "Xunan" {rC+}
 13647 | Volcano  | Identified the +4 pair of boots of Roosuaj {*Slow rC++
                  | Slay+3 Stlth+}
 13753 | Lair:3   | Upgraded the game from 0.31-a0-636-ge1c0e020e0 to
                  | 0.31-a0-640-g39d97e502b
 13778 | Lair:3   | Noticed Kirke
 13807 | Lair:3   | Noticed a sphinx
 14056 | Lair:2   | Killed Kirke
 14269 | Lair:3   | Noticed Fannar
 14296 | Lair:3   | Killed Fannar
 14297 | Lair:3   | Reached skill level 11 in Fighting
 14313 | Lair:3   | Reached skill level 14 in Dodging
 14608 | Lair:3   | Noticed Gastronok
 14648 | Lair:3   | Killed Gastronok
 15460 | Lair:4   | Reached XP level 14. HP: 89/114 MP: 14/14
 15525 | Lair:4   | Identified the +2 dagger "Kuefroh" {elec, Str+4}
 15565 | Lair:4   | Reached skill level 1 in Armour
 15942 | Lair:4   | Reached skill level 12 in Fighting
 15953 | Lair:4   | Reached skill level 2 in Armour
 16107 | Lair:4   | Found a transporter.
 16123 | Lair:4   | Found a transporter.
 16504 | Lair:4   | Reached skill level 3 in Armour
 16526 | Lair:4   | Identified the ring "Dexuhecla" {rPois rF- rN+ Str+3}
 16536 | Lair:4   | Identified the +1 helmet of Focus {Harm Will++ MP+9 Int-3}
 16784 | Lair:5   | Entered Level 5 of the Lair of Beasts
 16784 | Lair:5   | Found a staircase to the Slime Pits.
 16784 | Lair:5   | Found a viscous altar of Jiyva.
 17036 | Lair:5   | Reached skill level 4 in Armour
 17448 | Lair:5   | Reached skill level 13 in Fighting
 17461 | Lair:5   | Reached skill level 5 in Armour
 17894 | Lair:5   | Found a corrupted altar of Lugonu.
 17894 | Lair:5   | Found a one-way gate to the infinite horrors of the Abyss.
 18115 | Orc:1    | Entered Level 1 of the Orcish Mines
 18166 | Orc:1    | Reached skill level 6 in Armour
 18280 | Orc:1    | Found Haram's Magic Scroll Emporium.
 18284 | Orc:1    | Noticed Erolcha
 18294 | Orc:1    | Killed Erolcha
 18435 | Orc:1    | Reached ****** piety under Wu Jian
 18652 | Orc:2    | Entered Level 2 of the Orcish Mines
 18964 | Orc:2    | Found a staircase to the Elven Halls.
 19391 | Orc:2    | Found Moan's Magic Scroll Boutique.
 19459 | Orc:2    | Noticed an orc warlord
 19476 | Orc:2    | Killed an orc warlord
 19484 | Orc:2    | Reached skill level 7 in Armour
 19493 | Orc:2    | Reached skill level 14 in Fighting
 19839 | Orc:2    | Gained mutation: You may rarely emit foul miasma when
                  | damaged in melee. [demonic ancestry]
 19839 | Orc:2    | Reached XP level 15. HP: 103/126 MP: 15/15
 19926 | Orc:2    | Found Nyumy's Antique Weapon Shop.
 19928 | Orc:2    | Found Etotois's Antique Armour Boutique.
 19978 | Orc:2    | Found Xytoisew's Assorted Antiques.
 20277 | Orc:2    | Found Loelyhum's Book Emporium.
 20475 | Orc:2    | Bought a slimy bone ring for 170 gold pieces
 20475 | Orc:2    | Identified the ring "Rumurus" {Ice Int+2} (You bought it in
                  | a shop on level 2 of the Orcish Mines)
 20475 | Orc:2    | Bought a scroll of enchant weapon for 255 gold pieces
 20475 | Orc:2    | Bought a scroll of identify for 68 gold pieces
 20478 | Orc:2    | Identified a potion of experience
 20479 | Orc:2    | Reached skill level 8 in Armour
 20479 | Orc:2    | Gained mutation: You sometimes emit foul miasma when
                  | damaged in melee. [demonic ancestry]
 20479 | Orc:2    | Reached XP level 16. HP: 134/134 MP: 16/16
 20493 | Orc:2    | Bought a scroll of enchant armour for 75 gold pieces
 20493 | Orc:2    | Bought a scroll of identify for 20 gold pieces
 20493 | Orc:2    | Bought a scroll of enchant armour for 75 gold pieces
 20493 | Orc:2    | Bought a scroll of identify for 20 gold pieces
 21173 | D:12     | Identified the ring of Knowledge {Fly rF+ Dex+2}
 21551 | D:13     | Reached skill level 15 in Fighting
 21645 | D:13     | Noticed Snorg
 21651 | D:13     | Killed Snorg
 21674 | D:13     | Reached skill level 9 in Armour
 21774 | D:13     | Noticed Azrael
 21892 | D:13     | Killed Azrael
 22725 | D:14     | Found a gate to the Vaults.
 22765 | D:14     | Reached skill level 10 in Armour
 23332 | D:14     | Reached skill level 16 in Fighting
 23417 | D:15     | Entered Level 15 of the Dungeon
 24047 | D:15     | Found a shadowy altar of Dithmenos.
 24058 | D:15     | Reached skill level 11 in Armour
 24209 | D:15     | Found a staircase to the Depths.
 25095 | Snake:1  | Entered Level 1 of the Snake Pit
 25281 | Snake:1  | Reached XP level 17. HP: 119/146 MP: 17/17
 25539 | Snake:1  | Reached skill level 17 in Fighting
 25959 | Snake:1  | Reached skill level 1 in Evocations
 26078 | Snake:1  | Reached skill level 2 in Evocations
 26418 | Snake:1  | Reached skill level 3 in Evocations
 26780 | Snake:2  | Reached skill level 4 in Evocations
 26983 | Snake:2  | Reached skill level 5 in Evocations
 27406 | Snake:2  | Reached skill level 18 in Fighting
 27411 | Snake:2  | Reached skill level 6 in Evocations
 27621 | Snake:2  | Found Cixuedat's Assorted Antiques.
 27623 | Snake:2  | Found Itruolu's Jewellery Emporium.
 27625 | Snake:2  | Found Mohiokh's Antique Weapon Shoppe.
 27629 | Snake:2  | Bought 2 potions of heal wounds for 290 gold pieces
 27645 | Snake:2  | Bought a glass ring for 145 gold pieces
 28013 | Snake:2  | You are sucked into a shaft and drop 1 floor!
 28078 | Snake:3  | Reached skill level 7 in Evocations
 28903 | Snake:3  | Reached skill level 8 in Evocations
 29907 | Snake:3  | Reached skill level 1 in Stealth
 29917 | Snake:4  | Entered Level 4 of the Snake Pit
 29957 | Snake:4  | Gained mutation: You frequently emit foul miasma when
                  | damaged in melee. [demonic ancestry]
 29957 | Snake:4  | Reached XP level 18. HP: 86/159 MP: 18/18
 30183 | Snake:4  | Reached skill level 2 in Stealth
 30185 | Snake:4  | Reached skill level 19 in Fighting
 30453 | Snake:4  | Reached skill level 3 in Stealth
 30634 | Snake:4  | Noticed Aizul
 30634 | Snake:4  | Noticed Saint Roka
 30649 | Snake:4  | Killed Saint Roka
 30650 | Snake:4  | Reached skill level 4 in Stealth
 30657 | Snake:4  | Killed Aizul
 31002 | Snake:4  | Reached skill level 5 in Stealth
 31131 | Snake:4  | Reached skill level 12 in Armour
 31886 | Snake:4  | Got a serpentine rune of Zot
 31898 | Snake:4  | Noticed Vashnia
 32385 | Vaults:1 | Entered Level 1 of the Vaults
 32423 | Vaults:1 | Reached skill level 20 in Fighting
 32671 | Vaults:1 | Found Jinanliw's Magic Scroll Shoppe.
 32683 | Vaults:1 | Bought a scroll of enchant armour for 82 gold pieces
 32683 | Vaults:1 | Bought a scroll of blinking for 82 gold pieces
 32683 | Vaults:1 | Bought a scroll of revelation for 82 gold pieces
 32683 | Vaults:1 | Bought a scroll of revelation for 82 gold pieces
 32683 | Vaults:1 | Bought a scroll of teleportation for 33 gold pieces
 32741 | Vaults:1 | Reached skill level 13 in Armour
 32898 | Vaults:1 | Paralysed by a formless jellyfish for 1 turns
 33282 | Vaults:1 | Noticed Sojobo
 33282 | Vaults:1 | Noticed Rupert
 33293 | Vaults:1 | Killed Sojobo
 33749 | Vaults:1 | Killed Rupert
 33922 | Vaults:1 | Reached XP level 19. HP: 170/170 MP: 19/19
 34257 | Vaults:1 | Upgraded the game from 0.31-a0-640-g39d97e502b to
                  | 0.31-a0-654-gbe3e110b4e
 34340 | Vaults:2 | Reached skill level 14 in Armour
 34418 | Vaults:2 | HP: 17/171 [ironbound frostheart (4)]
 34421 | Vaults:2 | Reached skill level 21 in Fighting
 34428 | Vaults:2 | Found a portal to a secret trove of treasure.
 34625 | Vaults:2 | Found a crumbling gateway.
 34809 | Desolati | Entered the Desolation of Salt
 34821 | Desolati | Identified a +1 robe of resistance
 34905 | Vaults:2 | HP: 9/172 [saltling (9)]
 34907 | Vaults:2 | Mangled by a saltling

Vanquished Creatures
  Saint Roka (Snake:4)
  Rupert (Vaults:1)
  A quicksilver dragon (Snake:4)
  A sphinx (Vaults:2)
  Gastronok (Lair:3)
  2 tengu reavers (Vaults:1)
  Kirke (Lair:2)
  Aizul (Snake:4)
  3 nagarajas
  A vault warden (Vaults:1)
  2 orc warlords
  3 formless jellyfish
  5 ironbound preservers
  A spriggan defender (Vaults:1)
  A vampire knight (Vaults:1)
  A war gargoyle (Vaults:1)
  Azrael (D:13)
  3 ironbound thunderhulks
  Snorg (D:13)
  3 dire elephants (Vaults:1)
  A crystal guardian (Desolation)
  An entropy weaver (Vaults:1)
  2 ragged hierophants
  3 great orbs of eyes
  2 yaktaur captains (Vaults:1)
  An entropy weaver (shapeshifter) (D:14)
  Josephine (D:11)
  An ogre mage (Volcano)
  Erolcha (Orc:1)
  5 salamander tyrants
  An ice dragon (Lair:2)
  3 peacekeepers
  2 servants of whispers (Desolation)
  Fannar (Lair:3)
  Harold (D:11)
  2 catoblepae
  13 centaur warriors
  5 ironbound frosthearts
  A boulder beetle (D:14)
  16 anacondas
  4 hydras
  27 naga warriors
  4 death yaks
  9 two-headed ogres
  3 tengu warriors
  2 orc high priests
  A deep troll earth mage (D:15)
  6 shock serpents
  5 naga sharpshooters
  3 thrashing horrors (Lair:5)
  A skyshark (Lair:4)
  5 salamander mystics
  6 skeletal warriors
  11 deep trolls
  2 glowing orange brains
  4 swamp dragons (Lair:4)
  23 slime creatures
  8 naga ritualists
  A lindwurm (Vaults:1)
  A wizard (Vaults:1)
  A swamp dragon (shapeshifter) (D:15)
  4 orc knights
  3 ironbound convokers
  5 orc sorcerers
  15 mana vipers
  A wolf spider (D:15)
  3 manticores
  A deep elf pyromancer (D:14)
  28 ugly things
  3 large abominations (Lair:5)
  13 cyclopes
  5 elephants (Lair:4)
  26 salamanders
  42 black mambas
  12 guardian serpents
  15 naga magi
  2 vault sentinels
  A molten gargoyle (Desolation)
  12 cane toads
  5 rime drakes
  6 komodo dragons
  An efreet (D:11)
  6 yaktaurs
  A yaktaur (shapeshifter) (Lair:5)
  An unseen horror (shapeshifter) (Lair:5)
  3 freezing wraiths
  An ice devil (Lair:2)
  A tengu conjurer (D:15)
  6 trolls
  A wind drake (shapeshifter) (D:13)
  2 polar bears
  20 blink frogs
  13 saltlings
  2 raiju (Lair:5)
  A culicivora (Vaults:1)
  A centaur simulacrum (D:14)
  2 vampires
  A spriggan (Lair:5)
  7 wraiths
  2 ynoxinuls (Lair:5)
  A shadow (D:9)
  Sigmund (D:4)
  4 wyverns
  4 fire elementals (D:13)
  3 fire bats (Lair:5)
  A golden eye (shapeshifter) (Lair:5)
  3 hogs (Lair:3)
  3 water elementals (D:15)
  121 yaks
  Grum (D:11)
  9 basilisks
  2 chaos spawn (Lair:5)
  2 redbacks (Vaults:1)
  8 wargs
  38 nagas
  Duvessa (D:4)
  A hell hound (D:13)
  7 water moccasins
  9 small abominations (Lair:5)
  An ice beast (D:6)
  42 orc warriors
  5 ogres
  A black bear (Lair:2)
  9 centaurs
  9 wolves
  2 phantoms
  2 kobold brigands
  3 gnoll sergeants
  7 bullfrogs
  3 scorpions
  A cane toad simulacrum (Lair:2)
  4 wights (D:6)
  Dowan (D:4)
  5 killer bees (D:9)
  7 howler monkeys
  2 electric eels (D:15)
  3 lava snakes (Lair:2)
  2 gnoll boudas (D:7)
  6 hounds
  4 jellies
  25 orc priests
  A sleepcap (D:6)
  Ijyb (D:4)
  6 iguanas
  32 orc wizards
  2 troll simulacra (Lair:2)
  2 wolf simulacra (Lair:2)
  27 gnolls
  10 adders
  A shadow imp (D:7)
  2 white imps
  An ufetubus (D:4)
  2 worms (D:6)
  4 dart slugs
  80 orcs
  6 endoplasms
  7 giant cockroaches
  6 goblins
  11 hobgoblins
  A jackal (D:4)
  4 quokkas
  5 ball pythons
  6 bats
  6 frilled lizards
  17 kobolds
  2 rats
1103 creatures vanquished.

Vanquished Creatures (others)
  Sojobo (Vaults:1)
1 creature vanquished.

Grand Total: 1104 creatures vanquished

Table legend: (Time is in decaauts)
 A = Elapsed time spent in this place.
 B = Non-inter-level travel time spent in this place.
 C = Inter-level travel time spent in this place.
 D = Time resting spent in this place.
 E = Time spent auto-exploring this place.
 F = Levels seen in this place.
 G = Mean time per level.
                   A        B        C        D        E       F      G
               +--------+--------+--------+--------+--------+-----+--------+
         Total |  34458 |  32826 |   1632 |   5548 |  20782 |  30 | 1148.6 |
       Dungeon |  15329 |  14628 |    701 |   1604 |  10199 |  15 | 1021.9 |
          Lair |   7566 |   7178 |    388 |   1676 |   4142 |   5 | 1513.2 |
     Snake Pit |   6480 |   6274 |    206 |   1366 |   3689 |   4 | 1620.0 |
  Orcish Mines |   2510 |   2252 |    258 |    335 |   1469 |   2 | 1255.0 |
        Vaults |   2334 |   2257 |     77 |    565 |   1226 |   2 | 1167.0 |
       Volcano |    167 |    167 |      0 |      0 |     56 |   1 |  167.0 |
    Desolation |     69 |     69 |      0 |      0 |      0 |   1 |   69.0 |
               +--------+--------+--------+--------+--------+-----+--------+

Top non-repeatable levels by time:
 Snake:2: 2554 daAuts
  Lair:2: 2347 daAuts
   Orc:2: 1958 daAuts
Vaults:1: 1867 daAuts
  Lair:4: 1560 daAuts
    D:15: 1549 daAuts
 Snake:4: 1505 daAuts
    D:11: 1494 daAuts
  Lair:3: 1487 daAuts
 Snake:3: 1365 daAuts
     D:6: 1317 daAuts
     D:4: 1237 daAuts
  Lair:5: 1220 daAuts
    D:10: 1199 daAuts
    D:12: 1149 daAuts

Table legend:
 A = Non-vault XP
 B = Vault XP
 C = Vault XP percentage of total XP
 D = Non-vault monster count
 E = Vault monster count
 F = Vault count percentage of total count
                 A         B        C        D         E       F
            +---------+---------+-------+---------+---------+-------
      Total |  220467 |  141543 |  39.1 |     711 |     393 |  35.6
            +---------+---------+-------+---------+---------+-------
        D:1 |      36 |      17 |  32.1 |      19 |       3 |  13.6
        D:2 |      21 |       0 |   0.0 |      12 |       0 |   0.0
        D:3 |      40 |       0 |   0.0 |      16 |       0 |   0.0
        D:4 |     182 |     488 |  72.8 |      17 |       6 |  26.1
        D:5 |     582 |       0 |   0.0 |      15 |       0 |   0.0
        D:6 |     942 |     831 |  46.9 |      19 |      32 |  62.7
        D:7 |     922 |       0 |   0.0 |      28 |       0 |   0.0
        D:8 |    2609 |       0 |   0.0 |      20 |       0 |   0.0
        D:9 |    2975 |     433 |  12.7 |      34 |       3 |   8.1
       D:10 |    4289 |    1143 |  21.0 |      26 |      24 |  48.0
       D:11 |    3982 |    5333 |  57.3 |      17 |      16 |  48.5
       D:12 |    6078 |       0 |   0.0 |      21 |       0 |   0.0
       D:13 |    2933 |    2965 |  50.3 |       5 |       7 |  58.3
       D:14 |   14012 |    6037 |  30.1 |      23 |       9 |  28.1
       D:15 |   17812 |    4680 |  20.8 |      37 |       7 |  15.9
     Lair:1 |    7259 |     563 |   7.2 |      30 |       2 |   6.2
     Lair:2 |    6028 |    7037 |  53.9 |      27 |      25 |  48.1
     Lair:3 |    7921 |    2876 |  26.6 |      32 |       5 |  13.5
     Lair:4 |    7281 |    7456 |  50.6 |      25 |      13 |  34.2
     Lair:5 |    2869 |   10689 |  78.8 |       9 |      39 |  81.2
    Snake:1 |   18762 |       0 |   0.0 |      41 |       0 |   0.0
    Snake:2 |   18888 |   15881 |  45.7 |      36 |      25 |  41.0
    Snake:3 |   26924 |       0 |   0.0 |      45 |       0 |   0.0
    Snake:4 |   28882 |   17475 |  37.7 |      55 |      33 |  37.5
      Orc:1 |    3113 |     878 |  22.0 |      27 |       1 |   3.6
      Orc:2 |    2726 |    8761 |  76.3 |      26 |      77 |  74.8
   Vaults:1 |   20089 |   29032 |  59.1 |      32 |      34 |  51.5
   Vaults:2 |   12310 |    3612 |  22.7 |      17 |       6 |  26.1
    Volcano |       0 |    6618 | 100.0 |       0 |       8 | 100.0
 Desolation |       0 |    8738 | 100.0 |       0 |      18 | 100.0
            +---------+---------+-------+---------+---------+-------
